AoeStats
← shenyany

MegaRandom

510007998Analyzed
4v4 RM · 5d ago on Sep 29, 2026· 61m 28s· 8 players
Game mode
Random Map
Map size
Large (8 player)
Population
200
Speed
Normal
Resources
Standard
Victory
Conquest
Starting age
Dark Age
Ending age
Imperial Age
RankedLock teamsTeams togetherTeam positionsShared explorationLock speedFull tech treeHidden civsTurbo modeCheats
Victory
Defeat
🇧🇷 Spanish · Brazil
796
+8
🇺🇸 Huns · United States
677
+12
🇺🇸 Portuguese · United States
543
+17
🇨🇦 Jurchens · Canada
441
+21
🇨🇱 Vikings · Chile
608
-16
🇲🇽 Maya · Mexico
602
-15
🇨🇳 Tatars · China
599
-15
🇨🇳 Britons · China
523
-12
shenyany
0:57 Loom
13:15 Feudal Age
13:44 Horse Collar
19:56 Castle Age
18:24 Double-Bit Axe
21:19 Bloodlines
22:00 Bow Saw
27:57 Light Cavalry
28:38 Husbandry
33:48 Pikeman
38:49 Scale Barding Armor
41:43 Imperial Age
39:01 Town Watch
39:52 Wheelbarrow
41:53 Heavy Plow
44:03 Hussar
45:02 Forging
44:43 Fletching
44:54 Padded Archer Armor
44:55 Scale Mail Armor
45:28 Elite Skirmisher
47:06 Siege Engineers
48:05 Chemistry
50:08 Gold Mining
52:22 Chain Barding Armor
Marco 1985 MÉXICO City
5:43 Loom
17:02 Feudal Age
19:13 Wheelbarrow
19:22 Horse Collar
19:31 Double-Bit Axe
19:30 Fishing Lines
30:25 Forging
30:16 Scale Mail Armor
32:03 Gold Mining
34:16 Castle Age
35:16 Town Watch
34:54 Pikeman
35:35 Squires
35:57 Chain Mail Armor
36:17 Iron Casting
37:03 Town Patrol
36:57 Eagle Warrior
38:21 Hand Cart
39:18 Bow Saw
40:14 Gillnets
40:45 Caravan
41:36 Arson
50:15 Imperial Age
49:28 Fletching
49:39 Padded Archer Armor
51:23 Stone Mining
52:50 Two-Man Saw
51:52 Sappers
52:58 Plate Mail Armor
53:29 Blast Furnace
53:40 Stone Shaft Mining
52:34 Halberdier
52:35 Elite Eagle Warrior
54:37 Bodkin Arrow
55:06 Ballistics
54:28 Treadmill Crane
54:44 Murder Holes
55:51 Chemistry
55:02 Fortified Wall
55:03 Masonry
54:48 Guard Tower
56:11 Chemistry
55:22 Fortified Wall
56:15 Blast Furnace
56:51 Bracer
59:28 Elite Plumed Archer
60:10 Hul'che Javelineers
60:48 Holcans
60:19 Hul'che Javelineers
rodrigooboeponce
1:03 Loom
12:56 Feudal Age
18:03 Man-at-Arms
19:32 Forging
20:12 Scale Mail Armor
24:24 Arson
27:38 Castle Age
27:05 Padded Archer Armor
26:56 Fletching
28:05 Double-Bit Axe
28:02 Horse Collar
29:02 Iron Casting
28:42 Chain Mail Armor
29:36 Squires
29:02 Long Swordsman
32:07 Chain Mail Armor
34:41 Crossbowman
35:21 Bodkin Arrow
35:42 Leather Archer Armor
41:02 Imperial Age
39:37 Caravan
39:54 Elite Skirmisher
40:39 Gold Mining
40:40 Stone Mining
43:05 Blast Furnace
42:36 Plate Mail Armor
42:27 Bracer
43:40 Ring Archer Armor
42:35 Capped Ram
43:04 Treadmill Crane
45:25 Bow Saw
45:16 Heavy Plow
45:52 Arbalester
45:58 Two-Handed Swordsman
zzq15840599199
14:34 Feudal Age
luial10
13:42 Feudal Age
15:38 Wheelbarrow
15:01 Town Watch
18:48 Horse Collar
18:56 Double-Bit Axe
19:04 Gold Mining
19:04 Stone Mining
25:01 Forging
24:44 Fletching
27:19 Castle Age
24:51 Man-at-Arms
28:10 Bow Saw
28:45 Stone Shaft Mining
28:16 Heavy Plow
29:49 Bodkin Arrow
31:00 Hand Cart
30:46 Town Patrol
31:54 Treadmill Crane
32:26 Fortified Wall
32:02 Pikeman
34:49 Ballistics
37:39 Imperial Age
35:03 Long Swordsman
35:29 Arson
36:40 Loom
38:13 Caravan
39:25 Chemistry
39:10 Iron Casting
38:37 Padded Archer Armor
40:48 Light Cavalry
41:47 Bloodlines
42:01 Scale Barding Armor
43:14 Husbandry
44:05 Crop Rotation
45:23 Chain Barding Armor
46:07 Blast Furnace
51:08 Masonry
51:03 Siege Engineers
50:54 Murder Holes
53:59 Two-Man Saw
59:17 Cavalier
Dora Explora
8:11 Loom
10:50 Feudal Age
11:44 Double-Bit Axe
13:37 Wheelbarrow
15:14 Wheelbarrow
15:04 Horse Collar
19:17 Scale Barding Armor
19:23 Forging
21:04 Gold Mining
25:04 Castle Age
24:44 Bloodlines
27:18 Hand Cart
27:15 Bow Saw
27:05 Heavy Plow
27:10 Husbandry
26:31 Light Cavalry
27:50 Iron Casting
27:36 Chain Barding Armor
28:03 Gold Shaft Mining
35:32 Stone Mining
43:28 Imperial Age
44:15 Caravan
45:36 Cavalier
48:03 Plate Barding Armor
48:29 Blast Furnace
49:53 Two-Man Saw
49:18 Conscription
49:59 Paladin
50:44 Elite Tarkan
Feudal Temptation
0:32 Loom
15:54 Feudal Age
22:16 Castle Age
21:51 Wheelbarrow
21:54 Wheelbarrow
21:46 Double-Bit Axe
23:29 Wheelbarrow
24:38 Bow Saw
25:14 Fishing Lines
27:21 Horse Collar
31:21 Imperial Age
35:32 Gold Mining
37:55 Gillnets
39:29 Hand Cart
40:19 Caravan
40:12 Elite Skirmisher
40:28 Heavy Scorpion
40:41 Pikeman
43:12 Gold Shaft Mining
43:10 Forging
43:01 Scale Mail Armor
43:06 Scale Barding Armor
43:01 Padded Archer Armor
42:53 Fletching
44:07 Chemistry
43:19 Siege Engineers
44:34 Town Watch
45:01 Thunderclap Bombs
44:15 Elite Iron Pagoda
45:17 Conscription
46:36 Bloodlines
46:28 Husbandry
46:19 Gambesons
46:36 Squires
47:19 Hoardings
49:30 Heavy Rocket Cart
49:54 Heavy Cavalry Archer
50:02 Elite Steppe Lancer
50:47 Fortified Bastions
52:19 Iron Casting
51:39 Bodkin Arrow
52:00 Leather Archer Armor
52:06 Chain Barding Armor
52:02 Chain Mail Armor
52:09 Ballistics
52:00 Fortified Wall
51:31 Treadmill Crane
52:01 Masonry
52:34 Halberdier
52:38 Elite Fire Lancer
60:44 Spies/Treason
Ehovinipow
10:49 Loom
13:41 Feudal Age
14:07 Man-at-Arms
17:37 Arson
22:56 Fletching
23:06 Padded Archer Armor
25:12 Castle Age
24:22 Wheelbarrow
24:16 Forging
23:56 Double-Bit Axe
23:53 Horse Collar
29:03 Redemption
31:31 Thumb Ring
31:25 Bodkin Arrow
31:45 Leather Archer Armor
32:09 Bow Saw
32:02 Heavy Plow
35:48 Inquisition
35:59 Atonement
38:02 Ballistics
38:10 Hand Cart
40:26 Imperial Age
40:06 Masonry
40:48 Sanctity
40:57 Fervor
41:13 Heavy Mounted Crossbowman
42:26 Ring Archer Armor
41:57 Bracer
44:10 Chemistry
43:49 Architecture
43:50 Forging
43:46 Scale Barding Armor
44:01 Town Watch
50:35 Bombard Tower
50:00 Arrowslits
53:23 Town Patrol
54:06 Iron Casting
53:51 Chain Barding Armor
Connection lost

Rejoining the realm…

Still unreachable

The connection could not be restored.

Session expired

The server has moved on; the page needs a fresh start.